 Dungeon Crawl Stone Soup version 0.17-a0-1020-ge683cc4 (webtiles) character file.

60330 Postman the Nimble (level 14, 0/121 HPs)
             Began as a Green Draconian Transmuter on May 16, 2015.
             Was an Elder of Qazlal.
             Slain by a sun demon (17 damage)
             ... on level 8 of the Lair of Beasts on May 17, 2015.
             The game lasted 05:47:35 (24753 turns).

Postman the Nimble (Green Draconian Transmuter)    Turns: 24753, Time: 05:47:35

Health: 0/121      AC: 11    Str: 14    XL:     14   Next: 56%
Magic:  24/27      EV: 22    Int: 16    God:    Qazlal [****..]
Gold:   1866       SH:  5    Dex: 16    Spells: 7 memorised, 9 levels left

rFire  . . .     SeeInvis .       - Unarmed
rCold  . . .     Clarity  .     (armour unavailable)
rNeg   + . .     SustAb   .     (shield currently unavailable)
rPois  +         Gourm    .     (helmet restricted)
rElec  .         Spirit   .     k - +0 cloak
rCorr  .         Warding  .     (gloves currently unavailable)
rMut   .         Stasis   .     J - +0 pair of boots
MR     +....                    h - amulet of regeneration
Stlth  +.........               C - ring of wizardry
                                p - ring of the Octopus King {rN+ AC+1 EV+1 Str+1 Int+1 Dex+1}

@: blade hands, repel missiles, somewhat resistant to hostile enchantments, very
unstealthy
A: breathe noxious fumes, unfitting armour, stinger 1, poison resistance,
cold-blooded, AC +8
a: Breathe Noxious Fumes, End Transformation, Upheaval, Elemental Force,
Renounce Religion


You were on level 8 of the Lair of Beasts.
You worshipped Qazlal.
Qazlal was greatly pleased with you.
You were not hungry.
You had blades for hands.
You visited 7 branches of the dungeon, and saw 25 of its levels.
You also visited: Sewer.

You collected 1930 gold pieces.

Inventory:

Hand weapons
 b - the +1 rapier of Gichaemp {pierce, +Rage rPois SInv Stlth-}
   (You found it on level 1 of the Lair of Beasts)

   It inflicts extra damage upon your enemies.
   It protects you from poison.
   It enhances your eyesight.
   It lets you go berserk.
   It makes you less stealthy.
Missiles
 A - 305 arrows
 W - 5 tomahawks of returning (quivered)
Armour
 k - a +0 cloak (worn)
 J - a +0 pair of boots (worn)
 X - a +0 pair of gloves (melded)
Jewellery
 a - a +4 ring of evasion
 h - an amulet of regeneration (around neck)
 j - an uncursed amulet of warding
 p - a ring of the Octopus King (left scythe-like blade) {rN+ AC+1 EV+1 Str+1 Int+1 Dex+1}
   (You found it on level 6 of the Lair of Beasts)

   [ring of positive energy]

   It affects your AC (+1).
   It affects your evasion (+1).
   It affects your strength (+1).
   It affects your intelligence (+1).
   It affects your dexterity (+1).
   It protects you from negative energy.
 r - a +4 ring of strength
 v - the amulet of Plog {+Rage MP+9 Str+4 Int-3}
   (You found it on level 4 of the Lair of Beasts)

   [amulet of rage]

   It affects your strength (+4).
   It affects your intelligence (-3).
   It affects your magic capacity (+9).
   It lets you go berserk.
 B - an uncursed amulet of the gourmand
 C - a ring of wizardry (right scythe-like blade)
 G - an uncursed ring of protection from fire
 U - an uncursed ring of fire
Magical devices
 s - a wand of digging (14)
 z - a wand of frost (23)
 F - a wand of teleportation (3)
 K - a wand of fire (11)
 O - a wand of slowing (22)
 T - a wand of hasting (2)
 Z - a wand of draining (1)
Scrolls
 d - a scroll of enchant armour
 e - 5 scrolls of identify
 g - 3 scrolls of fear
 o - 6 scrolls of teleportation
 q - a scroll of recharging
 w - 10 scrolls of remove curse
 y - 4 scrolls of magic mapping
 I - 4 scrolls of immolation
 S - a scroll of summoning
 V - 4 scrolls of fog
Potions
 f - 3 potions of ambrosia
 i - a potion of heal wounds
 l - 3 potions of berserk rage
 m - 4 potions of lignification
 u - a potion of agility
 x - 2 potions of might
 D - 2 potions of cancellation
 N - 2 potions of curing
 P - a potion of magic
 R - a potion of brilliance
 Y - a potion of haste
Books
 E - a book of Fire

   Spells                             Type                      Level
   a - Ignite Poison                  Fire/Transmutation/Poison    3
   b - Fireball                       Conjuration/Fire             5
   c - Bolt of Fire                   Conjuration/Fire             6
   d - Delayed Fireball               Conjuration/Fire             7
   e - Ring of Flames                 Charms/Fire                  7
 H - a book of the Warp

   Spells                             Type                      Level
   a - Recall                         Summoning/Translocation      3
   b - Gell's Gravitas                Hexes/Translocation          3
   c - Control Teleport               Charms/Translocation         4
   d - Force Lance                    Conjuration/Translocation    4
   e - Phase Shift                    Translocation                5
   f - Warp Weapon                    Charms/Translocation         5
   g - Summon Forest                  Summoning/Translocation      5
Miscellaneous
 t - a sack of spiders {used: 4}
 M - a lantern of shadows
Comestibles
 c - 8 bread rations
 n - 16 meat rations


   Skills:
 + Level 10.1 Fighting
 + Level 13.1 Dodging
 + Level 11.2 Unarmed Combat
 + Level 9.0 Spellcasting
 + Level 0.8 Hexes
 + Level 1.1 Translocations
 + Level 11.6 Transmutations
 + Level 1.4 Fire Magic
 - Level 0.4 Ice Magic
 + Level 0.6 Earth Magic
 + Level 5.9 Invocations
 + Level 4.0 Evocations


You had 9 spell levels left.
You knew the following spells:

 Your Spells              Type           Power        Failure   Level  Hunger
a - Beastly Appendage     Trmt           #####.       3%          1    None
b - Sticks to Snakes      Trmt           #####.....   4%          2    None
c - Gell's Gravitas       Hex/Tloc       ##........   32%         3    #......
d - Blade Hands           Trmt           #####.....   10%         5    #####..
e - Ignite Poison         Fire/Trmt/Pois ###.....     16%         3    #......
f - Ice Form              Ice/Trmt       ####....     22%         4    ###....
g - Petrify               Trmt/Erth      ####....     22%         4    ###....


Dungeon Overview and Level Annotations

Branches:
Dungeon (12/15)            Temple (1/1) D:6            Lair (8/8) D:8
  Swamp (1/4) Lair:4        Snake (1/4) Lair:3        Slime (1/6) Lair:8
    Orc (1/4) D:12

Altars:
Ashenzari
Elyvilon
Fedhas
Gozag
Kikubaaqudgha
Makhleb
Nemelex Xobeh
Qazlal
Ru
Trog
Xom
Zin
The Shining One

Shops:
D:4 %   D:7 [

Portals:
Trove: D:12 (give 16 scrolls of teleportation)

Annotations:
Lair:4 exclusion: ice statue


Innate Abilities, Weirdness & Mutations

You can breathe blasts of noxious fumes.
Your lurid green scales are hard (AC +8).
Your body does not fit into most forms of armour.
Your tail ends in a poisonous barb.
Your system is resistant to poisons.
You are cold-blooded and may be slowed by cold attacks.


Message History

You slash the sun demon!
The sun demon is moderately wounded.
Your hands revert to their normal proportions.
Your +0 pair of gloves unmelds from your body.
The sun demon hits you!
You are engulfed in flames!
Casting: Blade Hands
Confirm with . or Enter, or press ? or * to list all spells.
Your hands turn into razor-sharp scythe blades.
Your +0 pair of gloves melds into your body.
The sun demon hits you!
You are engulfed in flames!
The sun demon hits you.
You are engulfed in flames!
* * * LOW HITPOINT WARNING * * *
The sun demon closely misses you.
The blue devil swoops through the air toward you!
The blue devil barely misses you. You block the blue devil's attack.
The sun demon hits you!!
* * * LOW HITPOINT WARNING * * *
You are engulfed in flames!
You die...

#.#...PP.....#####.#P...#.# ##.
###.....P.P.......#.......### #.
..#.........................# #.
................#.....♣.♣....###.
..................P....♣♣♣......>
..♣../..♣♣♣.♣♣.§.....♣♣♣ ♣♣♣♣....
♣♣♣♣...♣♣ ♣♣♣♣♣.§..♣♣♣ ♣♣...
♣♣♣♣♣ ♣♣♣.♣♣ ♣.... ♣ ♣@♣♣ ♣♣♣.P
♣♣ ♣3♣♣ ♣♣♣♣... .♣ ♣♣4§♣♣ ♣...†..
♣♣♣ ♣♣....♣ ♣..♣♣.... ..♣♣
♣♣♣...♣.......♣♣ ♣♣... ...♣♣♣♣
♣♣♣♣..♣.♣♣♣♣...♣ ♣...
♣♣....♣♣♣...♣♣♣..♣♣ ♣♣♣♣ ♣♣♣..
♣♣♣.......♣♣ ♣♣..♣♣ ♣....
♣♣♣.♣♣.♣♣ ♣♣.)♣♣ ♣....


You could see a sun demon and a blue devil.

Vanquished Creatures
  Maud (Lair:8)
  A dire elephant (Lair:8)
  Josephine (Lair:7)
  9 hydras
  Erica (D:11)
  Erolcha (D:11)
  4 death yaks (Lair:8)
  A swamp dragon (Lair:4)
  A wizard (Lair:8)
  An unseen horror (D:10)
  7 hill giants
  A manticore (D:11)
  An ugly thing (D:11)
  2 griffons (Lair:7)
  A cyclops (D:12)
  6 elephants (Lair:4)
  4 black mambas
  An orange demon (Lair:8)
  A gargoyle (D:9)
  A smoke demon (Lair:8)
  13 spiny frogs
  A komodo dragon (D:12)
  3 fire drakes
  A kobold demonologist (D:11)
  A polar bear (Lair:8)
  A freezing wraith (Lair:3)
  A hellwing (Lair:8)
  3 trolls
  A merfolk (Lair:5)
  2 red devils (Lair:8)
  2 blue devils (Lair:8)
  19 blink frogs
  A boulder beetle (Lair:4)
  4 wraiths
  4 deep elf magi
  Sigmund (D:6)
  A basilisk (Lair:7)
  47 yaks
  2 fire elementals
  2 hungry ghosts
  A wolf (Lair:8)
  12 hippogriffs
  A mottled dragon (D:12)
  Edmund (D:6)
  23 water moccasins
  7 orc warriors
  A soldier ant (D:11)
  Duvessa (D:5)
  13 porcupines
  A spider (Lair:5)
  A phantom (D:3)
  3 sky beasts
  15 ice beasts
  A hell hound (Lair:8)
  A black bear (D:8)
  6 ogres
  2 necrophages (D:8)
  11 crocodiles
  9 centaurs
  21 giant frogs
  A gnoll sergeant (D:8)
  Dowan (D:5)
  4 scorpions
  8 wights
  20 killer bees
  A jelly (D:8)
  3 electric eels
  6 crimson imps
  2 giant frog zombies
  A quasit (D:9)
  4 centaur skeletons
  Crazy Yiuf (D:5)
  3 hounds
  3 giant frog skeletons
  13 orc wizards
  12 orc priests
  13 iguanas
  8 worker ants
  16 sheep
  A hound zombie (D:6)
  14 gnolls
  14 adders
  54 river rats
  2 shadow imps
  3 white imps (Lair:4)
  9 oozes (Sewer)
  An adder skeleton (D:4)
  6 worms
  17 giant geckos
  51 orcs
  10 ball pythons
  13 bats
  A bat skeleton (D:8)
  3 bat zombies
  14 giant cockroaches
  10 goblins
  14 hobgoblins
  11 jackals
  3 quokkas
  13 giant newts
  A jackal skeleton (D:5)
  11 kobolds
  10 rats
  63 fungi
  46 plants
802 creatures vanquished.

Vanquished Creatures (collateral kills)
  2 hydras
  A spiny frog (Lair:4)
  A polar bear (Lair:3)
  Grinder (D:5)
  2 blink frogs (Lair:6)
  3 yaks
  2 giant frogs (Sewer)
  A killer bee (D:8)
  A crimson imp (D:7)
  An orc priest (Orc:1)
  4 sheep
  5 gnolls
  2 adders
  3 oozes (Sewer)
  A worm (D:2)
  2 giant geckos
  2 orcs
  2 bats
  A giant cockroach (D:7)
  2 hobgoblins
  4 kobolds
  A ball python (D:3)
  2 giant newts
  3 goblins
  3 rats
52 creatures vanquished.

Vanquished Creatures (others)
  A blink frog (Lair:4)
  2 air elementals
  4 fire elementals
  6 spiders
  A scorpion (Lair:5)
  A crimson imp (D:11)
  A hound (D:12)
  6 fungi
  4 plants
26 creatures vanquished.

Grand Total: 880 creatures vanquished

Notes
Turn   | Place    | Note
--------------------------------------------------------------
     0 | D:1      | Postman the Draconian Transmuter began the quest for the Orb.
     0 | D:1      | Reached XP level 1. HP: 16/16 MP: 3/3
   195 | D:1      | Reached XP level 2. HP: 23/23 MP: 5/5
   199 | D:1      | Learned a level 2 spell: Sticks to Snakes
  1597 | D:2      | Reached XP level 3. HP: 10/28 MP: 0/6
  1663 | D:2      | Learned a level 3 spell: Spider Form
  2444 | D:2      | Reached XP level 4. HP: 32/35 MP: 0/8
  2445 | D:2      | Noticed a moth of wrath
  2630 | D:2      | Found a bloodstained altar of Trog.
  2872 | D:3      | Noticed a sky beast
  2937 | D:3      | Killed a sky beast
  2937 | D:3      | Reached XP level 5. HP: 31/41 MP: 2/9
  3256 | D:3      | Found a glowing drain.
  3284 | Sewer    | Entered a sewer
  3330 | Sewer    | Reached skill level 4 in Transmutations
  3476 | Sewer    | Reached XP level 6. HP: 43/48 MP: 11/11
  3949 | D:3      | Found an ancient bone altar of Kikubaaqudgha.
  4048 | D:3      | Found a shattered altar of Ashenzari.
  4096 | D:3      | Your scales start taking on a lurid green colour.
  4096 | D:3      | Gained mutation: Your system is resistant to poisons. [Green Draconian growth]
  4096 | D:3      | Reached XP level 7. HP: 42/56 MP: 2/12
  4761 | D:4      | Found Holiveuh's Food Boutique.
  5122 | D:5      | Entered Level 5 of the Dungeon
  5368 | D:5      | Reached skill level 5 in Transmutations
  5545 | D:5      | Found a glowing silver altar of Zin.
  5549 | D:5      | Noticed an angel
  5554 | D:5      | Found a shimmering altar of Xom.
  5665 | D:5      | Noticed Dowan
  5674 | D:5      | Noticed Duvessa
  5676 | D:5      | Reached XP level 8. HP: 47/63 MP: 14/14
  5742 | D:5      | Killed Dowan
  5742 | D:5      | Reached skill level 5 in Dodging
  5783 | D:5      | Killed Duvessa
  5871 | D:5      | Noticed Grinder
  5884 | D:5      | Killed Grinder
  6150 | D:5      | Noticed Crazy Yiuf
  6162 | D:5      | Killed Crazy Yiuf
  6310 | D:6      | Reached skill level 5 in Unarmed Combat
  6338 | D:6      | Noticed Edmund
  6354 | D:6      | Killed Edmund
  6399 | D:6      | Noticed Sigmund
  6408 | D:6      | Killed Sigmund
  6408 | D:6      | Reached skill level 6 in Dodging
  6430 | D:6      | Found a stormy altar of Qazlal.
  6433 | D:6      | Became a worshipper of Qazlal Stormbringer
  6440 | D:6      | Learned a level 5 spell: Blade Hands
  6518 | D:6      | Found a glowing golden altar of the Shining One.
  6784 | D:6      | Found a staircase to the Ecumenical Temple.
  6968 | Temple   | Entered the Ecumenical Temple
  7025 | D:7      | Reached XP level 9. HP: 72/72 MP: 16/16
  7262 | D:7      | Found Ivoesebro's Armour Shoppe.
  7303 | D:7      | Found a sacrificial altar of Ru.
  7833 | D:8      | Reached skill level 5 in Spellcasting
  7887 | D:8      | Reached skill level 5 in Fighting
  8005 | D:8      | Found a staircase to the Lair.
  8052 | Lair:1   | Entered Level 1 of the Lair of Beasts
  8119 | D:8      | Found a white marble altar of Elyvilon.
  8606 | D:8      | Acquired Qazlal's first power
  8613 | D:8      | Reached skill level 7 in Transmutations
  9075 | D:8      | Reached XP level 10. HP: 75/83 MP: 12/18
  9083 | D:8      | Acquired Qazlal's second power
  9205 | D:8      | Gained mutation: Your large and strong wings let you fly indefinitely. [potion of mutation]
  9205 | D:8      | Gained mutation: You are weak. (Str -2) [potion of mutation]
  9205 | D:8      | Gained mutation: You have a pair of small antennae on your head. [potion of mutation]
  9325 | D:9      | Learned a level 3 spell: Ignite Poison
  9516 | D:9      | Noticed a gargoyle
  9528 | D:9      | Killed a gargoyle
  9528 | D:9      | Reached skill level 8 in Transmutations
  9593 | D:9      | Lost mutation: You are weak. (Str -2) [potion of cure mutation]
  9593 | D:9      | Lost mutation: Your large and strong wings let you fly indefinitely. [potion of cure mutation]
  9593 | D:9      | Lost mutation: You have a pair of small antennae on your head. [potion of cure mutation]
 10217 | D:10     | Entered Level 10 of the Dungeon
 10265 | D:10     | Noticed a hill giant
 10556 | D:10     | Killed a hill giant
 10716 | D:10     | Noticed a hill giant
 10725 | D:10     | Killed a hill giant
 10725 | D:10     | Reached skill level 9 in Transmutations
 10820 | D:10     | Acquired Qazlal's third power
 10833 | D:10     | Noticed a hill giant
 10854 | D:10     | Killed a hill giant
 10854 | D:10     | Reached XP level 11. HP: 91/91 MP: 16/20
 11079 | D:10     | Noticed a hill giant
 11089 | D:10     | Killed a hill giant
 11211 | D:10     | Killed an unseen horror
 11434 | D:11     | Noticed a hill giant
 11440 | D:11     | Killed a hill giant
 11441 | D:11     | Reached skill level 10 in Transmutations
 11445 | D:11     | Noticed Erolcha
 11485 | D:11     | Killed Erolcha
 11485 | D:11     | Reached skill level 1 in Fire Magic
 11718 | D:11     | Noticed Erica
 11730 | D:11     | Killed Erica
 11805 | D:11     | Noticed a hill giant
 11810 | D:11     | Killed a hill giant
 11810 | D:11     | Reached skill level 1 in Invocations
 12481 | D:12     | Acquired Qazlal's fourth power
 12493 | D:12     | Reached XP level 12. HP: 95/100 MP: 7/23
 12608 | D:12     | Found a portal to a secret trove of treasure.
 13105 | D:12     | Reached skill level 10 in Dodging
 13185 | D:12     | Noticed a hill giant
 13187 | D:12     | Found a blossoming altar of Fedhas.
 13194 | D:12     | Killed a hill giant
 13230 | D:12     | Found a staircase to the Orcish Mines.
 13240 | Orc:1    | Entered Level 1 of the Orcish Mines
 13982 | Lair:1   | Noticed a spiny frog
 13985 | Lair:1   | Killed a spiny frog
 14010 | Lair:1   | Noticed a four-headed hydra
 14024 | Lair:1   | Killed a four-headed hydra
 14047 | Lair:1   | Noticed a four-headed hydra
 14059 | Lair:1   | Killed a four-headed hydra
 14085 | Lair:1   | Learned a level 4 spell: Ice Form
 14090 | Lair:1   | Learned a level 4 spell: Petrify
 14158 | Lair:1   | Noticed a five-headed hydra
 14164 | Lair:1   | Killed a five-headed hydra
 14258 | Lair:1   | Noticed a spiny frog
 14265 | Lair:1   | Killed a spiny frog
 14656 | Lair:1   | Got an iridescent rapier
 14657 | Lair:1   | Identified the cursed +1 rapier of Gichaemp {pierce, +Rage rPois SInv Stlth-} (You found it on level 1 of the Lair of Beasts)
 15734 | Lair:2   | Reached skill level 11 in Transmutations
 17474 | Lair:3   | Found a staircase to the Snake Pit.
 17486 | Lair:3   | Reached XP level 13. HP: 80/110 MP: 25/25
 17532 | Snake:1  | Entered Level 1 of the Snake Pit
 18656 | Lair:4   | Got a vibrating amethyst amulet
 18759 | Lair:3   | Identified the amulet of Plog {+Rage MP+9 Str+4 Int-3} (You found it on level 4 of the Lair of Beasts)
 18877 | Lair:4   | Found a staircase to the Swamp.
 19047 | Lair:4   | Reached skill level 10 in Unarmed Combat
 19749 | Lair:4   | Reached skill level 1 in Evocations
 19847 | Lair:4   | Reached skill level 5 in Invocations
 19867 | Swamp:1  | Entered Level 1 of the Swamp
 20143 | Lair:5   | Reached skill level 12 in Dodging
 20602 | Lair:2   | Learned a level 3 spell: Gell's Gravitas
 21297 | Lair:6   | Got a ring of the Octopus King
 21306 | Lair:6   | Identified a ring of the Octopus King {rN+ AC+1 EV+1 Str+1 Int+1 Dex+1} (You found it on level 6 of the Lair of Beasts)
 22381 | Lair:7   | Noticed Josephine
 22405 | Lair:7   | Killed Josephine
 22437 | Lair:7   | Reached skill level 1 in Translocations
 22859 | Lair:7   | You fall through a shaft!
 22859 | Lair:8   | Entered Level 8 of the Lair of Beasts
 22883 | Lair:8   | Gained mutation: Your tail ends in a poisonous barb. [Green Draconian growth]
 22883 | Lair:8   | Reached XP level 14. HP: 89/118 MP: 21/26
 23151 | Lair:7   | Noticed Maud
 23358 | Lair:7   | Acquired Qazlal's fifth power
 23825 | Lair:8   | Found a staircase to the Slime Pits.
 23930 | Slime:1  | Entered Level 1 of the Pits of Slime
 23993 | Lair:8   | Killed Maud
 24021 | Lair:8   | Reached skill level 10 in Fighting
 24176 | Lair:8   | Noticed a dire elephant
 24202 | Lair:8   | Killed a dire elephant
 24451 | Lair:8   | Reached skill level 13 in Dodging
 24488 | Lair:8   | Found a burning altar of Makhleb.
 24753 | Lair:8   | Slain by a sun demon

Vault maps used:
D:1:      matt_arrival_los_fun, serial_bayou_ford_a, nrook_mini_backslash
D:2:      tgw_trog, first_bread
D:3:      lemuel_zombie_altar_kikubaaqudgha, old_standard_altar,
          portal_sewer_entry_b, minmay_liquid_box
D:4:      serial_glass, glass_columns_a, glass_columns_b, glass_columns_a,
          glass_columns_a, glass_columns_c, serial_shops,
          nicolae_shop_statue_plus
D:5:      grunt_temple_overflow_order_and_chaos_1, saegor_snake_ambush,
          uniq_duvessa, uniq_crazy_yiuf_cottage, uniq_grinder
D:6:      kennysheep_mini, nicolae_tso_carved_into_rock,
          minmay_temple_entry_enclosed_plants, uniq_sigmund, uniq_edmund
D:7:      basic_altar, serial_shops, nicolae_shop_trees
D:8:      minmay_goldmine, lair_0_dummy, basic_altar
D:11:     uniq_erica, uniq_erolcha
D:12:     orc_0_dummy, enter_trove_2, basic_altar
Temple:   circular_temple_12
Lair:1:   grunt_megastairs_4, serial_bayou_shore_b, bh_autumn_forest_stairs
Lair:2:   beast_lair_carwin_10
Lair:3:   dummy_snake_entry
Lair:4:   minmay_swamp_entry_reptiles, ice2_lemuel
Lair:5:   serial_bayou_shore_b
Lair:6:   serial_bayou_shore_b
Lair:7:   lab_entry_generic, serial_bayou_shore_b, uniq_josephine, uniq_maud
Lair:8:   evil_forest, slime_dummy, nicolae_quartered_pool_super,
          infiniplex_staircase_pool
Swamp:1:  nicolae_snake_squiggles, swamp_pool1
Snake:1:  st_stairs_5
Orc:1:    serial_shops, shop
Sewer:    sewer_frog_island_02

Action                   |  1- 3 |  4- 6 |  7- 9 | 10-12 | 13-15 || total
-------------------------+-------+-------+-------+-------+-------++-------
Melee: Unarmed           |    93 |   252 |   550 |   919 |   760 ||  2574
       Short sword       |       |    76 |    27 |       |       ||   103
Throw: Tomahawk          |       |       |     5 |     6 |       ||    11
 Cast: Beastly Appendage |    16 |     5 |       |       |       ||    21
       Sticks to Snakes  |    40 |    34 |    21 |       |       ||    95
       Spider Form       |       |     5 |    12 |     1 |       ||    18
       Blade Hands       |       |       |     9 |    40 |    25 ||    74
       Ignite Poison     |       |       |       |    14 |    13 ||    27
       Ice Form          |       |       |       |     3 |     9 ||    12
       Gell's Gravitas   |       |       |       |       |     7 ||     7
       Petrify           |       |       |       |       |     2 ||     2
Invok: Upheaval          |       |       |       |     4 |     6 ||    10
       Elemental Force   |       |       |       |     5 |     6 ||    11
       Disaster Area     |       |       |       |       |     1 ||     1
 Abil: Breathe Noxious F |       |       |    26 |    40 |    20 ||    86
       End Transformatio |       |       |     1 |     1 |     5 ||     7
Evoke: Wand              |       |       |       |     2 |    14 ||    16
       Sack of spiders   |       |       |       |     2 |     2 ||     4
       Disc of storms    |       |       |       |     1 |       ||     1
       Deck              |       |       |       |       |     4 ||     4
  Use: Scroll            |       |     3 |     9 |    12 |    13 ||    37
       Potion            |       |     1 |     5 |    15 |     2 ||    23
 Stab: Sleeping          |     2 |     1 |     7 |       |       ||    10
       Confused          |       |       |    14 |     8 |       ||    22
       Distracted        |       |       |     3 |       |       ||     3
  Eat: Bread ration      |     1 |       |     2 |     1 |       ||     4
       Chunk             |     3 |    10 |    22 |   112 |   148 ||   295
       Pizza             |     1 |       |       |     2 |     1 ||     4
       Beef jerky        |       |       |       |     1 |     2 ||     3
       Fruit             |       |       |       |     6 |     3 ||     9
